AoeStats
← chenya_ko

Arabia

509496037Analyzed
1v1 RM · 6d ago on Sep 27, 2026· 33m 45s· 2 players
Game mode
Random Map
Map size
Tiny (2 player)
Population
200
Speed
Normal
Resources
Standard
Victory
Conquest
Starting age
Dark Age
Ending age
Imperial Age
RankedLock teamsTeams togetherTeam positionsShared explorationLock speedFull tech treeHidden civsTurbo modeCheats
Victory
Defeat
🇺🇸 Huns · United States
1096
+29
🇹🇼 Japanese · Taiwan
1080
-15
chenya_ko
2:00 Loom
9:55 Feudal Age
9:58 Man-at-Arms
12:46 Double-Bit Axe
15:56 Fletching
17:13 Forging
19:35 Wheelbarrow
23:23 Castle Age
21:27 Gold Mining
21:21 Horse Collar
21:40 Arson
22:08 Scale Mail Armor
22:35 Padded Archer Armor
23:34 Long Swordsman
23:59 Gambesons
24:15 Squires
24:04 Elite Skirmisher
25:09 Chain Mail Armor
25:48 Bodkin Arrow
26:57 Bow Saw
27:57 Leather Archer Armor
29:34 Iron Casting
29:14 Stone Mining
29:27 Town Watch
30:49 Gold Shaft Mining
31:15 Hand Cart
Morrig4n4692
3:16 Loom
9:54 Feudal Age
10:28 Double-Bit Axe
21:32 Castle Age
20:06 Fletching
21:06 Padded Archer Armor
22:05 Bloodlines
22:25 Bodkin Arrow
29:13 Thumb Ring
29:29 Leather Archer Armor
30:06 Wheelbarrow
29:15 Horse Collar
29:51 Bow Saw
31:43 Ballistics
Connection lost

Rejoining the realm…

Still unreachable

The connection could not be restored.

Session expired

The server has moved on; the page needs a fresh start.